 Dungeon Crawl Stone Soup version 0.28-a0-476-g0f06bd746f (webtiles) character file.

Game seed: 2016815444682089562

0 spiderkeys the Ducker (level 1, -12/11 HPs)
             Began as a Spriggan Abyssal Knight on Sept 17, 2021.
             Was a Follower of Lugonu.
             Killed from afar by a rakshasa (23 damage)
             ... with a lance of force
             ... on level 4 of the Abyss.
             The game lasted 00:02:45 (468 turns).

spiderkeys the Ducker (Spriggan Abyssal Knight)      Turns: 468, Time: 00:02:46

Health: -12/11     AC:  2    Str:  8    XL:     1   Next: 0%
Magic:  3/3        EV: 17    Int: 13    God:    Lugonu [*.....]
Gold:   199        SH:  0    Dex: 14    Spells: 0/0 levels left

rFire   . . .      SeeInvis +   a - +1 short sword
rCold   . . .      Faith    .   (shield restricted)
rNeg    . . .      Spirit   .   b - +0 robe
rPois   .          Reflect  .   (helmet restricted)
rElec   .          Harm     .   (no cloak)
rCorr   .          Rampage  .   (gloves unavailable)
Will    .....                   (boots unavailable)
Stlth   +.........              (no amulet)
HPRegen 0.03/turn               (no ring)
MPRegen 0.08/turn               (no ring)

@: very quick
A: very small, no large weapons, unfitting armour, see invisible, speed 3
a: Renounce Religion, Depart the Abyss


You were on level 4 of the Abyss.
You worshipped Lugonu.
Lugonu was aware of your devotion.
You visited 0 branches of the dungeon, and saw 0 of its levels.
You visited the Abyss 1 time.

You collected 199 gold pieces.


Innate Abilities, Weirdness & Mutations

You are very small and have problems with some larger weapons.
You are too small for most types of armour.
You have supernaturally acute eyesight. (SInv)
You cover ground extremely quickly. (Speed+++)


   Skills:
 + Level 2.4 Fighting
 + Level 2.1 Short Blades
 + Level 3.2 Dodging
 + Level 1.7 Invocations


You couldn't memorise any spells.
You didn't know any spells.
Your spell library contained the following spells:

 Spells                   Type           Power      Damage    Failure   Level
 Dazzling Flash           Conj/Hex       0%         N/A       67%         3
 Agony                    Necr           0%         N/A       100%        5
 Silence                  Hex/Air        0%         N/A       100%        5

Inventory:

Hand Weapons
 a - a +1 short sword (weapon)
Missiles
 c - 18 stones
 f - 16 arrows
Armour
 b - a +0 robe (worn)
Scrolls
 d - a scroll of teleportation {@r4}
Potions
 e - a potion of curing {unknown}

Dungeon Overview and Level Annotations

Branches:
Dungeon (0/15)

Altars:

♣..♣.#... ## #
...# . ..
♣..x#.#...#. ..#.
#.
x..##.#..#..###...
..# ..#.##.###...#
#
####.x.#.#....#.#
###...#..#..
#...R#.#..
#...#.#.##
.....#...@..#
..##.#.##....# .
### .##.#.# . #.
.##.# ## # ..


You could see a rakshasa and 2 worldbinders.


Message History

🤖 Initializing magus.rc ...
Options error: Delay interrupt name "hungry" not recognised. (~/.crawlrc:4988) ✅ Successfully initialized magus.rc [v1.9.10] Welcome, spiderkeys the Spriggan Abyssal Knight.
Will you be the one to retrieve the fabulous Orb of Zot from the depths?
Lugonu says: Depart the Abyss and spread corruption, my servant! (use the ability menu to exit the Abyss) Press ? for a list of commands and other information.
Found a corrupted altar of Lugonu.
Found a corrupted altar of Lugonu.
You now have 7 gold pieces.
You now have 13 gold pieces (gained 6).
c - 18 stones
There is a corrupted altar of Lugonu here.
A neqoxec manifests with a bang!
A tentacled starspawn comes into view.
A tentacle flies out from the starspawn's body!
A starspawn tentacle comes into view.
d - a scroll labelled SIAHEA UBUFICY
As you read the scroll labelled SIAHEA UBUFICY, it crumbles to dust.
You feel strangely unstable.
You feel the power of the Abyss delaying your translocation!
It was a scroll of teleportation.
A smoke demon comes into view.
You are suddenly pulled into a different region of the Abyss!
d - a scroll labelled VEROME CUAVYFA
e - a glowing orange potion
As you read the scroll labelled VEROME CUAVYFA, it crumbles to dust.
The scroll dissolves into smoke.
It was a scroll of fog.
You see here 8 javelins.
You now have 31 gold pieces (gained 18).
A large abomination comes into view.
A small abomination comes into view.
A large abomination comes into view.
An ufetubus comes into view.
Found a gateway leading deeper into the Abyss.
d - a scroll labelled RAZYTE JIOHOYN Blink to where?
Press: ? - help, Dir - move target
As you read the scroll labelled RAZYTE JIOHOYN, it crumbles to dust.
It was a scroll of blinking.
You plunge deeper into the Abyss.
d - a scroll of teleportation {@r4} You pick up a book of the Senses and begin reading...
You add the spells Dazzling Flash, Agony and Silence to your library.
Found a gateway leading deeper into the Abyss.
You now have 76 gold pieces (gained 45).
There is a gateway leading deeper into the Abyss here.
There is a gateway leading deeper into the Abyss here.
You plunge deeper into the Abyss.
The abyssal rune of Zot can be found at this depth. 2 flying skulls come into view.
The flying skull gives a hideous shriek! x2
A ynoxinul comes into view.
You enter the shallow water.
Moving in this stuff is going to be slow.
Found a gateway leading deeper into the Abyss.
There is a gateway leading deeper into the Abyss here.
The flying skull misses you.
You plunge deeper into the Abyss.
The abyssal rune of Zot can be found at this depth.
You see here a +0 barding.
f - 16 arrows You now have 119 gold pieces (gained 43).
You now have 154 gold pieces (gained 35).
A white very ugly thing comes into view.
The white very ugly thing gurgles horribly!
A ynoxinul comes into view.
A small abomination comes into view.
A large abomination comes into view.
A wretched star comes into view.
You now have 199 gold pieces (gained 45).
A wight and a worldbinder come into view.
Found a gateway leading deeper into the Abyss.
Unknown command.
A rakshasa comes into view. It is wielding a +0 whip.
A worldbinder comes into view.
A dire elephant comes into view.
The dire elephant trumpets!
You hear a shout! x2
The rakshasa blinks!
The rakshasa gestures at you. The lance of force hits you!!
Ouch! That really hurt!
You die...

Action                   || total
-------------------------++-------
  Use: Scroll            ||     3
Dodge: Dodged            ||     1

Levels and vault maps discovered:
Abyss:4:  base: Temple, nicolae_abyss_rune_left_handed,
          grunt_abyss_rune_forest_and_sorcery

Notes
Turn   | Place    | Note
-------+----------+-------------------------------------------
     0 | Abyss:1  | spiderkeys the Spriggan Abyssal Knight began the quest for
                  | the Orb.
     0 | Abyss:1  | Reached XP level 1. HP: 11/11 MP: 3/3
     0 | Abyss:1  | magus.rc [v1.9.10]
    10 | Abyss:1  | Found a corrupted altar of Lugonu.
    68 | Abyss:1  | Noticed a neqoxec
    80 | Abyss:1  | Noticed a tentacled starspawn
   125 | Abyss:1  | Noticed a smoke demon
   161 | Abyss:1  | Noticed a large abomination
   165 | Abyss:1  | Noticed a large abomination
   179 | Abyss:1  | Noticed a small abomination
   198 | Abyss:1  | Noticed a large abomination
   237 | Abyss:2  | You pick up a book of the Senses and begin reading...
   237 | Abyss:2  | You add the spells Dazzling Flash, Agony and Silence to
                  | your library.
   298 | Abyss:3  | Noticed a flying skull
   298 | Abyss:3  | Noticed a flying skull
   324 | Abyss:3  | Noticed a ynoxinul
   399 | Abyss:4  | Noticed a white very ugly thing
   401 | Abyss:4  | Noticed a ynoxinul
   405 | Abyss:4  | Noticed a small abomination
   409 | Abyss:4  | Noticed a large abomination
   420 | Abyss:4  | Noticed a wretched star
   457 | Abyss:4  | Noticed a worldbinder
   457 | Abyss:4  | Noticed a wight
   458 | Abyss:4  | Noticed a rakshasa
   459 | Abyss:4  | Noticed a worldbinder
   460 | Abyss:4  | Noticed a dire elephant
   468 | Abyss:4  | Killed from afar by a rakshasa

Vanquished Creatures (others)
  2 starspawn tentacles (Abyss:1)
2 creatures vanquished.

Table legend:
 A = Non-vault XP
 B = Vault XP
 C = Vault XP percentage of total XP
 D = Non-vault monster count
 E = Vault monster count
 F = Vault count percentage of total count
                 A         B        C        D         E       F
            +---------+---------+-------+---------+---------+-------
      Total |       0 |       0 |   N/A |       0 |       0 |  -nan
            +---------+---------+-------+---------+---------+-------
            +---------+---------+-------+---------+---------+-------

Illustrated notes

Table legend: (Time is in decaauts)
 A = Elapsed time spent in this place.
 B = Non-inter-level travel time spent in this place.
 C = Inter-level travel time spent in this place.
 D = Time resting spent in this place.
 E = Time spent auto-exploring this place.
 F = Levels seen in this place.
 G = Mean time per level.
                   A        B        C        D        E       F      G
               +--------+--------+--------+--------+--------+-----+--------+
         Total |    290 |    290 |      0 |      0 |     30 |   4 |   72.5 |
         Abyss |    290 |    290 |      0 |      0 |     30 |   4 |   72.5 |
               +--------+--------+--------+--------+--------+-----+--------+

Top non-repeatable levels by time:
 Abyss:1: 136 daAuts
 Abyss:4: 76 daAuts
 Abyss:3: 46 daAuts
 Abyss:2: 30 daAuts
